 Dungeon Crawl Stone Soup version 0.27-a0-592-g0306a34022 (webtiles) character file.

Game seed: 12454797948237884426

2591 srzhan31 the Destroyer (level 9, -6/49 HPs)
             Began as a Gargoyle Conjurer on Mar 11, 2021.
             Was a Follower of Vehumet.
             Mangled by a boulder beetle (55 damage)
             ... on level 7 of the Dungeon.
             The game lasted 00:19:46 (9172 turns).

srzhan31 the Destroyer (Gargoyle Conjurer)          Turns: 9172, Time: 00:19:47

Health: -6/49      AC: 12    Str: 17    XL:     9   Next: 58%
Magic:  18/18      EV: 13    Int: 22    God:    Vehumet [*.....]
Gold:   395        SH:  0    Dex: 12    Spells: 17/20 levels left

rFire    . . .     SeeInvis .   w - +5 spear of Dissatisfaction {vorpal, Dex+4}
rCold    . . .     Faith    .   (no shield)
rNeg     + . .     Spirit   .   a - +0 robe
rPois    ∞         Reflect  .   r - +0 helmet
rElec    +         Harm     .   i - +0 cloak
rCorr    .         Rampage  .   (no gloves)
Will     .....                  n - +0 pair of boots
Stlth    ++........             (no amulet)
HPRegen  0.16/turn              c - +6 ring of strength
MPRegen  0.16/turn              (no ring)

@: no status effects
A: negative energy resistance 1, electricity resistance, torment resistance 1,
unbreathing 1, petrification resistance, AC +6
a: Renounce Religion


You were on level 7 of the Dungeon.
You worshipped Vehumet.
Vehumet was aware of your devotion.
You visited 2 branches of the dungeon, and saw 8 of its levels.
You also visited: Ossuary.

You collected 395 gold pieces.

Inventory:

Hand Weapons
 u - a +2 flail of protection
 w - the +5 spear of Dissatisfaction (weapon) {vorpal, Dex+4}
   (You found it on level 5 of the Dungeon)

   It inflicts extra damage upon your enemies.
   It affects your dexterity (+4).
Armour
 a - a +0 robe (worn)
 i - a +0 cloak (worn)
 n - a +0 pair of boots (worn)
 r - a +0 helmet (worn)
Magical Staves
 A - a staff of earth
Jewellery
 c - a +6 ring of strength (right hand)
 s - an amulet of guardian spirit
Wands
 l - a wand of polymorph (7)
 B - a wand of flame (19)
 D - a wand of acid (8)
 H - a wand of random effects (27)
Scrolls
 d - 5 scrolls of identify
 e - 2 scrolls of immolation {unknown}
 g - 4 scrolls of teleportation {unknown}
 m - 3 scrolls of amnesia {unknown}
 o - 2 scrolls of enchant weapon {unknown}
 p - a scroll of fog {unknown}
 y - a scroll of vulnerability {unknown}
 E - a scroll of magic mapping {unknown}
 G - a scroll of enchant armour {unknown}
Potions
 b - 5 potions of flight
 f - 3 potions of brilliance {unknown}
 h - a potion of haste {unknown}
 j - 3 potions of attraction
 k - 2 potions of heal wounds
 q - a potion of curing {unknown}
 t - a potion of cancellation {unknown}
 v - 2 potions of might
 x - 2 potions of lignification {unknown}
 z - a potion of berserk rage {unknown}
 C - a potion of invisibility {unknown}
 F - a potion of magic {unknown}


   Skills:
 + Level 2.5 Fighting
 - Level 0.5 Maces & Flails
 + Level 0.3 Polearms
 * Level 4.4 Armour
 * Level 4.2 Dodging
 - Level 2.2 Stealth
 * Level 4.9 Shields
 * Level 6.1 Spellcasting
 * Level 8.9 Conjurations


You had 17 spell levels left.
You knew the following spells:

 Your Spells              Type           Power      Damage    Failure   Level
a - Magic Dart            Conj           100%       1d8       1%          1
b - Searing Ray           Conj           92%        3d6       1%          2

Your spell library contained the following spells:

 Spells                   Type           Power      Damage    Failure   Level
 Sandblast                Erth           12%        2d6       9%          1
 Dazzling Flash           Conj/Hex       52%        N/A       4%          3
 Animate Skeleton         Necr           12%        N/A       9%          1
 Apportation              Tloc           12%        N/A       9%          1
 Beastly Appendage        Tmut           12%        N/A       9%          1
 Corona                   Hex            6%         N/A       9%          1
 Summon Small Mammal      Summ           24%        N/A       9%          1
 Wereblood                Tmut           6%         N/A       14%         2
 Fulminant Prism          Conj/Hex       13%        3d9       14%         4
 Iskenderun's Mystic Bla  Conj/Tloc      26%        2d7       14%         4
 Spider Form              Tmut/Pois      3%         N/A       26%         3
 Ice Form                 Ice/Tmut       6%         N/A       65%         4
 Blade Hands              Tmut           3%         N/A       94%         5


Dungeon Overview and Level Annotations

Branches:
Dungeon (7/15)             Temple (1/1) D:6         Ossuary (visited)

Altars:
Cheibriados
Dithmenos
Elyvilon
Fedhas
Hepliaklqana
Kikubaaqudgha
Okawaru
Sif Muna
Trog
Vehumet
Yredelemnul
The Shining One

Annotations:
D:7 1 runed translucent door


Innate Abilities, Weirdness & Mutations

Your stone body is resilient. (AC +6)
You are immune to poison.
You resist negative energy. (rN+)
You are resistant to electric shocks. (rElec)
You are resistant to unholy torment.
You can survive without breathing.
You are immune to petrification.


Message History

The searing ray hits the necrophage!
The necrophage is severely damaged.
The searing ray hits the necrophage!
You destroy the necrophage!
Vehumet accepts your kill.
Found 24 stones.
Found an escape hatch in the ceiling.
Found a stone staircase leading down.
A boulder beetle comes into view.
There is an escape hatch in the ceiling here.
A mysterious force pulls you upwards. The hatch slams shut behind you.
Done exploring.
Okay, then.
There is a stone staircase leading up here.
There is a stone staircase leading down here.
You climb downwards.
Level annotation: 1 runed translucent door
There is a stone staircase leading up here.
Found an escape hatch in the floor.
You pick up a book of Changes and begin reading...
You add the spells Beastly Appendage, Wereblood, Spider Form, Ice Form and Blade Hands to your library.
You see here 27 stones.
Found a dagger.
Found a stone staircase leading down.
Found an escape hatch in the floor.
Found a rapier.
You see here a +0 rapier.
Found an escape hatch in the floor.
The angel shouts!
A boulder beetle is nearby!
The boulder beetle leaps!
There is a stone staircase leading down here.
Found a scroll of identify.
Found a runed cloak.
The boulder beetle curls into a ball and begins rolling!
The boulder beetle barely misses you.
The boulder beetle stops rolling and uncurls.
The boulder beetle curls into a ball and begins rolling!
The boulder beetle hits you!!!
Ouch! That really hurt!
You die...

#.....!##............
#......#...######.###
#......#..........# #
#......#..#.####### #
#....°.#....# #
#....°.##.... .
#....○.####### #
#...B.?# #...@[.#
######## #### #...
#... #... #...


You could see a boulder beetle.

Vanquished Creatures
  A shadow (D:7)
  Eustachio (D:4)
  Edmund (D:3)
  An orc warrior (D:7)
  A sky beast (D:6)
  A necrophage (D:7)
  3 ogres
  2 centaurs
  Blork the orc (D:6)
  An elf zombie (Ossuary)
  2 scorpions
  5 killer bees (D:7)
  5 wights (D:7)
  3 howler monkeys (D:7)
  A jelly (D:7)
  3 hounds
  An orc priest (D:4)
  A centaur skeleton (D:5)
  2 iguanas
  7 worker ants
  3 mummies (Ossuary)
  11 adders
  2 shadow imps
  3 ufetubi
  5 adder zombies
  4 adder skeletons
  3 worms (D:2)
  A dart slug (D:2)
  9 leopard geckos
  10 orcs
  2 ball pythons
  7 giant cockroaches
  10 goblins
  8 hobgoblins
  13 jackals
  3 quokkas
  4 bats
  3 frilled lizards (D:2)
  A goblin zombie (Ossuary)
  5 hobgoblin zombies (Ossuary)
  A jackal skeleton (D:6)
  6 kobolds
  2 kobold zombies (Ossuary)
  7 quokka zombies
  9 rats
175 creatures vanquished.

Vanquished Creatures (others)
  5 toadstools (D:1)
5 creatures vanquished.

Grand Total: 180 creatures vanquished

Notes
Turn   | Place    | Note
-------+----------+-------------------------------------------
     0 | D:1      | srzhan31 the Gargoyle Conjurer began the quest for the Orb.
     0 | D:1      | Reached XP level 1. HP: 10/10 MP: 3/3
   164 | D:1      | Reached XP level 2. HP: 2/15 MP: 0/5
   167 | D:1      | Learned a level 2 spell: Searing Ray
   672 | D:1      | Reached skill level 5 in Conjurations
   730 | D:1      | Reached XP level 3. HP: 19/19 MP: 0/6
  1526 | D:2      | Reached XP level 4. HP: 24/24 MP: 0/7
  1685 | D:2      | Reached skill level 1 in Armour
  1721 | D:2      | Reached skill level 1 in Shields
  2033 | D:2      | Found a shimmering blue altar of Sif Muna.
  2629 | D:3      | Found a faded altar of an unknown god.
  2853 | D:3      | Reached XP level 5. HP: 28/28 MP: 4/9
  3040 | D:3      | Found an iron altar of Okawaru.
  3265 | D:4      | Reached skill level 6 in Conjurations
  3289 | D:4      | Reached XP level 6. HP: 25/32 MP: 0/11
  3907 | D:4      | Noticed Edmund
  3908 | D:4      | Noticed Eustachio
  4251 | D:3      | Killed Edmund
  4252 | D:3      | Reached XP level 7. HP: 18/36 MP: 2/13
  4472 | D:4      | Killed Eustachio
  4665 | D:4      | Reached skill level 7 in Conjurations
  4892 | D:5      | Entered Level 5 of the Dungeon
  4951 | D:5      | Found a blossoming altar of Fedhas.
  5372 | D:5      | Identified the +5 spear of Dissatisfaction {vorpal, Dex+4}
  5443 | D:5      | Found a sand-covered staircase.
  5451 | Ossuary  | Entered an ossuary
  5908 | Ossuary  | Reached skill level 1 in Fighting
  5908 | Ossuary  | Reached XP level 8. HP: 37/43 MP: 7/14
  6905 | D:6      | Noticed Blork the orc
  6909 | D:6      | Killed Blork the orc
  6974 | D:6      | Found a staircase to the Ecumenical Temple.
  7003 | Temple   | Entered the Ecumenical Temple
  7014 | Temple   | Became a worshipper of Vehumet
  7178 | D:6      | Reached skill level 5 in Spellcasting
  8249 | D:7      | Reached skill level 8 in Conjurations
  8319 | D:7      | Reached XP level 9. HP: 48/48 MP: 12/17
  8502 | D:7      | Reached * piety under Vehumet
  8502 | D:7      | Offered knowledge of Sandblast by Vehumet.
  8781 | D:7      | Found a runed translucent door.
  8781 | D:7      | Found a glowing golden altar of the Shining One.
  8781 | D:7      | Noticed an angel
  8943 | D:7      | Noticed a boulder beetle
  9172 | D:7      | Mangled by a boulder beetle

Illustrated notes

Levels and vault maps discovered:
D:1:      ldierk_walled_garden, layout_rooms, minmay_quantized
D:2:      layout_basic, led_sif_pool
D:3:      layout_rooms, lemuel_coloured_pillars_altar,
          chequers_ecumenical_altar_simple
D:4:      layout_cave_pools, uniq_edmund, uniq_eustachio
D:5:      layout_basic, enter_ossuary_4, fedhas_bush_and_centaur_altar
D:6:      layout_layer_cave, temple_pool_b, uniq_blork_the_orc
D:7:      layout_basic, lemuel_crystal_altar, lemuel_angel_altar
Temple:   eino_narrow_crystal_temple

Skill      XL: |  1  2  3  4  5  6  7  8  9 |
---------------+----------------------------+-----
Conjurations   | 5 6 7 8 |  8.9
Armour         | 1 2 3 4 |  4.4
Shields        | 1 2 3 4 |  4.9
Dodging        | 2 3 4 |  4.2
Spellcasting   | 3 4 5 6 |  6.1
Fighting       | 1 2 |  2.5
Maces & Flails | |  0.5
Polearms       | |  0.3
Stealth        | |  2.2

Action                   |  1- 3 |  4- 6 |  7- 9 || total
-------------------------+-------+-------+-------++-------
Melee: Unarmed           |     2 |       |       ||     2
       Flail             |       |       |    18 ||    18
       Spear             |       |       |    11 ||    11
 Cast: Magic Dart        |    20 |    21 |       ||    41
       Searing Ray       |    22 |    43 |    79 ||   144
  Use: Scroll            |       |       |     4 ||     4
Armor: Robe              |    17 |    22 |    61 ||   100
Dodge: Dodged            |    32 |    48 |    86 ||   166

Table legend: (Time is in decaauts)
 A = Elapsed time spent in this place.
 B = Non-inter-level travel time spent in this place.
 C = Inter-level travel time spent in this place.
 D = Time resting spent in this place.
 E = Time spent auto-exploring this place.
 F = Levels seen in this place.
 G = Mean time per level.
                   A        B        C        D        E       F      G
               +--------+--------+--------+--------+--------+-----+--------+
         Total |   9185 |   9070 |    115 |      0 |   7354 |   9 | 1020.6 |
       Dungeon |   8509 |   8394 |    115 |      0 |   6851 |   7 | 1215.6 |
        Temple |     17 |     17 |      0 |      0 |      0 |   1 |   17.0 |
       Ossuary |    658 |    658 |      0 |      0 |    503 |   1 |  658.0 |
               +--------+--------+--------+--------+--------+-----+--------+

Top non-repeatable levels by time:
     D:6: 1576 daAuts
     D:1: 1386 daAuts
     D:4: 1257 daAuts
     D:5: 1170 daAuts
     D:3: 1138 daAuts
     D:2: 1110 daAuts
     D:7: 869 daAuts
 Ossuary: 658 daAuts
  Temple: 17 daAuts
